 Dungeon Crawl Stone Soup version 0.28-a0-514-g0d7ab7f379 (webtiles) character file.

Game seed: 9637712403365751885

760 bande the Covered (level 7, -3/44 HPs)
             Began as a Gargoyle Fighter on Sept 23, 2021.
             Was an Initiate of Okawaru.
             Splashed by a jelly's acid (5 damage)
             ... on level 6 of the Dungeon.
             The game lasted 00:06:17 (5534 turns).

bande the Covered (Gargoyle Fighter)                Turns: 5534, Time: 00:06:18

Health: -3/44      AC:  9    Str: 21    XL:     7   Next: 80%
Magic:  7/8        EV: 13    Int:  8    God:    Okawaru [......]
Gold:   314        SH:  4    Dex: 10    Spells: 6/6 levels left

rFire   . . .      SeeInvis .   a - +1 war axe
rCold   . . .      Faith    .   c - +0 buckler
rNeg    + . .      Spirit   .   b - +0 scale mail
rPois   ∞          Reflect  .   (no helmet)
rElec   +          Harm     .   (no cloak)
rCorr   .          Rampage  .   h - +0 pair of gloves
Will    +....                   (no boots)
Stlth   ..........              (no amulet)
HPRegen 0.14/turn               m - +4 ring of evasion
MPRegen 0.11/turn               n - ring of willpower

@: mighty, corroded
A: sickness immunity, AC +4, negative energy resistance 1, electricity
resistance, torment resistance 1, petrification resistance
a: Renounce Religion


You were on level 6 of the Dungeon.
You worshipped Okawaru.
Okawaru was noncommittal.
You visited 2 branches of the dungeon, and saw 7 of its levels.

You collected 314 gold pieces.

Inventory:

Hand Weapons
 a - a +1 war axe (weapon)
Missiles
 q - a throwing net (quivered)
Armour
 b - a +0 scale mail (worn)
 c - a +0 buckler (worn)
 h - a +0 pair of gloves (worn)
Jewellery
 m - a +4 ring of evasion (left hand)
 n - a ring of willpower (right hand)
 t - the ring "Lexall" {Wiz Dex+2}
   (You found it on level 5 of the Dungeon)

   [ring of wizardry]

   It improves your spell success rate.
   Dex:       It affects your dexterity (+2).
Scrolls
 f - a scroll of fear
 r - 3 scrolls of identify
Potions
 e - 3 potions of haste {unknown}
 g - a potion of berserk rage {unknown}
 i - a potion of magic {unknown}
 j - a potion of mutation {unknown}
 k - 3 potions of curing
 l - a potion of heal wounds {unknown}
 o - a potion of flight {unknown}
 p - 2 potions of invisibility {unknown}
 s - 2 potions of lignification {unknown}


   Skills:
 + Level 4.8 Fighting
 + Level 5.5 Axes
 + Level 5.6 Armour
 + Level 4.1 Shields
 * Level 1.6 Invocations


You had 6 spell levels left.
You didn't know any spells.
Your spell library contained the following spells:

 Spells                   Type           Power      Damage    Failure   Level
 Portal Projectile        Hex/Tloc       0%         N/A       97%         3
 Blade Hands              Tmut           0%         N/A       100%        5
 Excruciating Wounds      Necr           0%         N/A       100%        5


Dungeon Overview and Level Annotations

Branches:
Dungeon (6/15)             Temple (1/1) D:5

Altars:
Hepliaklqana
Makhleb
Nemelex Xobeh
Okawaru
Uskayaw
Vehumet
The Shining One

Shops:
D:1 *


Innate Abilities, Weirdness & Mutations

You are immune to sickness and miasma.
Your stone body is resilient. (AC +4)
You are immune to poison.
You resist negative energy. (rN+)
You are resistant to electric shocks. (rElec)
You are resistant to unholy torment.
You are immune to petrification.


Message History

You barely miss the orc.
The orc is heavily wounded.
The orc closely misses you.
Unknown command.
You closely miss the orc.
The orc is heavily wounded.
You block the orc's attack.
Unknown command.
Your scale mail prevents you from hitting the orc.
The orc is heavily wounded.
The orc barely misses you. x2
You hit the orc.
You kill the orc!
Okawaru accepts your kill. The scorpion barely misses you.
Unknown command.
You barely miss the scorpion. The scorpion stings you.
You closely miss the scorpion. The scorpion closely misses you. x2
You slash the scorpion!
The scorpion is severely wounded.
The scorpion stings you!
Unknown command.
You slash the scorpion!
You kill the scorpion!
Okawaru accepts your kill.
You barely miss the ogre.
The ogre hits you with a +0 giant spiked club!!
Ouch! That really hurt!
* * * LOW HITPOINT WARNING * * *
You slash the ogre!
The ogre is moderately wounded.
The ogre closely misses you.
You slash the ogre!
The ogre is almost dead.
The ogre barely misses you.
You slash the ogre!
You kill the ogre!
Okawaru accepts your kill.
You hit the jelly. The acid corrodes you!
Your hands burn!
You die...

###########
#@........##
#J######...##
#..nZ.####.#.#.####
#....................#
#.##.....##.#<#.#>##.#
....#.###......##
.....).........##
...##.#.##.......# ...
#.#..........#


You could see a necrophage, a jelly and a howler monkey skeleton.

Vanquished Creatures
  A sky beast (D:5)
  A necrophage (D:5)
  An ogre (D:6)
  A phantom (D:4)
  2 scorpions (D:6)
  A hound (D:6)
  A jelly (D:4)
  An iguana (D:4)
  2 orc wizards
  8 adders
  A worm (D:3)
  2 dart slugs
  9 orcs
  8 ball pythons
  6 endoplasms
  A giant cockroach (D:4)
  7 goblins
  5 hobgoblins
  2 jackals (D:4)
  3 kobolds (D:2)
  4 quokkas
  7 bats
  4 frilled lizards
  4 rats (D:1)
82 creatures vanquished.

Notes
Turn   | Place    | Note
-------+----------+-------------------------------------------
     0 | D:1      | bande the Gargoyle Fighter began the quest for the Orb.
     0 | D:1      | Reached XP level 1. HP: 14/14 MP: 1/1
    12 | D:1      | Found a faded altar of an unknown god.
   270 | D:1      | Reached XP level 2. HP: 19/19 MP: 2/2
   528 | D:1      | Found Vaokh's General Store.
   550 | D:1      | Reached XP level 3. HP: 23/23 MP: 3/3
  1814 | D:3      | Reached XP level 4. HP: 28/29 MP: 4/4
  2121 | D:3      | Found a sparkling altar of Nemelex Xobeh.
  2132 | D:3      | Found a burning altar of Makhleb.
  2189 | D:3      | Found a glowing golden altar of the Shining One.
  2847 | D:4      | Found a hide-covered altar of Uskayaw.
  2910 | D:4      | Reached XP level 5. HP: 20/33 MP: 5/5
  3581 | D:4      | Noticed a phantom
  3593 | D:4      | Killed a phantom
  3773 | D:4      | Reached XP level 6. HP: 30/38 MP: 6/6
  4092 | D:5      | Entered Level 5 of the Dungeon
  4129 | D:5      | Noticed a necrophage
  4148 | D:5      | Killed a necrophage
  4149 | D:5      | Reached skill level 5 in Armour
  4213 | D:5      | Noticed a sky beast
  4243 | D:5      | Killed a sky beast
  4244 | D:5      | Reached XP level 7. HP: 27/44 MP: 7/7
  4694 | D:5      | Found a staircase to the Ecumenical Temple.
  4700 | Temple   | Entered the Ecumenical Temple
  4703 | Temple   | Became a worshipper of Warmaster Okawaru
  5227 | D:5      | Identified the ring "Lexall" {Wiz Dex+2}
  5436 | D:5      | Found a hazy altar of Hepliaklqana.
  5504 | D:6      | Reached skill level 5 in Axes
  5517 | D:6      | Reached skill level 1 in Invocations
  5530 | D:6      | HP: 2/44 [ogre (22)]
  5534 | D:6      | Splashed by a jelly's acid

Illustrated notes

Levels and vault maps discovered:
D:1:      dpeg_arrival_rooms_b, layout_loops_ring,
          hellmonk_ecumenical_altar_pennies_from_heaven, serial_shops, shop,
          minmay_tromino_i2
D:2:      layout_basic
D:3:      minmay_recursive_quarters, layout_loops_corners, old_standard_altar,
          tso_metal_star, mainiacjoe_overflow_alcove_4
D:4:      layout_basic, nicolae_uskayaw_murder_on_the_dancefloor
D:5:      layout_basic, kennysheep_mini, minmay_temple_entry_grid,
          kennysheep_pointless_box, saegor_snake_ambush
D:6:      layout_loops_ring, portal_sewer_entry_d, minmay_misc_feat_nine_boxes,
          minmay_hollow_rounded_squares
Temple:   nicolae_temple_hex_pool

Skill      XL: |  1  2  3  4  5  6  7 |
---------------+----------------------+-----
Axes           | 2 3 4 5 |  5.5
Armour         | 4 5 |  5.6
Shields        | 4 |  4.1
Fighting       | 4 |  4.8
Invocations    | 1 |  1.6

Action                   |  1- 3 |  4- 6 |  7- 9 || total
-------------------------+-------+-------+-------++-------
Melee: War axe           |   117 |   130 |    54 ||   301
  Use: Scroll            |     6 |       |     2 ||     8
       Potion            |       |       |     1 ||     1
Armor: Scale mail        |    72 |    65 |    27 ||   164
Dodge: Dodged            |    61 |    54 |    53 ||   168
Block: Buckler           |    35 |    14 |     7 ||    56

Table legend: (Time is in decaauts)
 A = Elapsed time spent in this place.
 B = Non-inter-level travel time spent in this place.
 C = Inter-level travel time spent in this place.
 D = Time resting spent in this place.
 E = Time spent auto-exploring this place.
 F = Levels seen in this place.
 G = Mean time per level.
                   A        B        C        D        E       F      G
               +--------+--------+--------+--------+--------+-----+--------+
         Total |   5663 |   5637 |     26 |    889 |   3871 |   7 |  809.0 |
       Dungeon |   5656 |   5630 |     26 |    889 |   3871 |   6 |  942.7 |
        Temple |      6 |      6 |      0 |      0 |      0 |   1 |    6.0 |
               +--------+--------+--------+--------+--------+-----+--------+

Top non-repeatable levels by time:
     D:5: 1408 daAuts
     D:4: 1283 daAuts
     D:3: 1166 daAuts
     D:1: 936 daAuts
     D:2: 781 daAuts
     D:6: 79 daAuts
  Temple: 6 daAuts
